 Dungeon Crawl Stone Soup version 0.23.0-38-g208d714 (webtiles) character file.

Game seed: 12987326362021629052

2441 MalarOregon the Spear-Bearer (level 9, -1/75 HPs)
             Began as a Merfolk Gladiator on Feb 28, 2019.
             Was a Believer of Ashenzari.
             Slain by a vampire (8 damage)
             ... on level 8 of the Dungeon.
             The game lasted 00:25:48 (10780 turns).

MalarOregon the Spear-Bearer (Merfolk Gladiator)   Turns: 10780, Time: 00:25:49

Health: -1/75      AC:  5    Str: 14    XL:     9   Next: 49%
Magic:  9/9        EV: 12    Int: 10    God:    Ashenzari [**....]
Gold:   266        SH: 11    Dex: 16    Spells: 8/8 levels left

rFire    + . .     SeeInvis .   a - +0 trident (curse)
rCold    . . .     Gourm    .   k - +0 shield (curse)
rNeg     . . .     Faith    .   w - +0 leather armour {rF+}
rPois    .         Spirit   .   q - +0 helmet
rElec    .         Reflect  .   v - +0 cloak (curse)
rCorr    .         Harm     .   (no gloves)
MR       +....                  (no boots)
Stlth    +.........             t - amulet of the acrobat (curse)
HPRegen  0.22/turn              l - ring of protection from magic (curse)
MPRegen  0.11/turn              (no ring)

@: no status effects
A: change form in water, swift swim, stealthy swim
a: Curse Item, Scrying, Renounce Religion


You were on level 8 of the Dungeon.
You worshipped Ashenzari.
Ashenzari was pleased with you.
You were not hungry.

You visited 2 branches of the dungeon, and saw 9 of its levels.
You also visited: Sewer.

You collected 266 gold pieces.

Inventory:

Hand Weapons
 a - a cursed +0 trident (weapon)
Armour
 k - a cursed +0 shield (worn)
   (You found it on level 3 of the Dungeon)
 q - a +0 helmet (worn)
 v - a cursed +0 cloak (worn)
   (You found it on level 5 of the Dungeon)
 w - a +0 leather armour of fire resistance (worn)
   (You found it on level 8 of the Dungeon)
Jewellery
 l - a cursed ring of protection from magic (left hand)
   (You took it off an orc priest on level 5 of the Dungeon)
 o - an uncursed ring of ice
   (You found it on level 4 of the Dungeon)
 t - a cursed amulet of the acrobat (around neck)
   (You found it on level 6 of the Dungeon)
Wands
 c - a wand of disintegration (10)
   (You took it off an orc on level 5 of the Dungeon)
 y - a wand of enslavement (11)
   (You found it on level 7 of the Dungeon)
Scrolls
 f - a scroll of remove curse {@r2}
 n - a scroll of teleportation {@r4}
 r - 4 scrolls of identify {@r1}
Potions
 g - 4 potions of curing {@q1}
 h - 3 potions of heal wounds {@q2}
 i - a potion of haste {@q3}
 j - 2 potions of cancellation
 m - 3 potions of brilliance
 p - a potion of mutation {!q}
 u - 3 potions of flight
 x - a potion of lignification {!q}
Comestibles
 e - 13 rations {!d}


   Skills:
 + Level 8.4 Fighting
 + Level 11.3(13.3) Polearms
 - Level 2.0 Throwing
 - Level 4.0 Dodging
 + Level 6.5(8.0) Shields


You had 8 spell levels left.
You didn't know any spells.
Your spell library was empty.

Dungeon Overview and Level Annotations

Branches:
Dungeon (8/15)             Temple (1/1) D:7
   Lair: D:8-11

Altars:
Ashenzari
Cheibriados
Dithmenos
Elyvilon
Fedhas
Gozag
Hepliaklqana
Kikubaaqudgha
Makhleb
Nemelex Xobeh
Okawaru
Qazlal
Ru
Sif Muna
Trog
Uskayaw
Vehumet
Wu Jian
Xom
Yredelemnul
Zin
The Shining One

Shops:
D:4 (=

Annotations:
D:3 3 runed translucent doors, HunterMK's ghost, amateur DECj
D:4 Dowan; Duvessa
D:7 4 runed translucent doors


Message History

You block something's attack.
You miss something. Something hits you but does no damage. Something bites you.
* * * LOW HITPOINT WARNING * * *
Something draws strength from your injuries!
Unknown command.
Okay, then.
Okay, then.
Unknown command.
Nothing appears to happen.
You are near starving!
Something hits you.
* * * LOW HITPOINT WARNING * * *
Something bites you!
* * * LOW HITPOINT WARNING * * *
Something draws strength from your injuries!
You eat one of the 14 rations {!d}.
That ration really hit the spot!
You hear some strange, mumbled words.
Something tries to affect you, but you resist.
Unknown command.
Okay, then.
Throwing (i - inventory)
d - 3 throwing nets (quivered)
{!f} Really target yourself?
Okay, then.
Throwing (i - inventory)
d - 3 throwing nets (quivered)
{!f} Really fire
d - 3 throwing nets {!f}?
You throw a throwing net {!f}.
Something gets caught in the net!
Something wriggles in the net.
You hit something but do no damage.
Something wriggles in the net.
You hit something but do no damage. You hit something but do no damage.
Something wriggles in the net.
You puncture something! You hit something but do no damage.
Something wriggles in the net.
You puncture something!
Unholy energy fills the air.
* * * LOW HITPOINT WARNING * * *
Something wriggles in the net.
Throwing (i - inventory)
d - 2 throwing nets (quivered)
{!f} Really fire
d - 2 throwing nets {!f}?
You throw a throwing net {!f}.
Throwing (i - inventory)
d - a throwing net (quivered)
{!f} Really fire
d - a throwing net {!f}?
You throw a throwing net {!f}.
Something wriggles in the net.
You hit something but do no damage.
Something wriggles in the net.
All of a sudden the net rips apart!
You hit something but do no damage. Something hits you!
* * * LOW HITPOINT WARNING * * *
Something bites you!
You die...

* * * * #.# ** * *
* #***#.# , ,. #>#
, #. #.# ,
#.##.######### ,
####............#
,........#######.#
*
..........@{...(#
*
##############..#
* ,*, #..# .#.#
#o.## ...#
######...######* *
####
#.....o........ ,*
#.####.....#### ,
##†..## {##.## , *


There were no monsters in sight!

Vanquished Creatures
  Grinder (D:6)
  A hippogriff (D:7)
  A steam dragon (D:6)
  An orc warrior (D:7)
  2 ice beasts (D:6)
  A sky beast (D:6)
  5 ogres
  2 centaurs
  A big kobold (Sewer)
  A scorpion (D:6)
  A killer bee (D:8)
  A howler monkey (D:4)
  A crimson imp (D:5)
  5 orc priests
  2 hounds
  A jelly (D:6)
  An iguana (D:6)
  5 orc wizards
  2 worker ants (D:5)
  A hound zombie (D:7)
  2 worker ant zombies (D:5)
  6 adders
  A river rat (Sewer)
  3 shadow imps
  3 oozes
  An adder skeleton (D:7)
  6 worms
  A dart slug (D:4)
  5 leopard geckos
  29 orcs
  A ball python (D:6)
  8 giant cockroaches
  5 goblins
  4 hobgoblins
  21 jackals
  9 kobolds
  2 quokkas
  5 bats
  3 frilled lizards
  A jackal zombie (D:5)
  A leopard gecko zombie (D:6)
  A quokka zombie (D:5)
  13 rats
  16 plants (D:5)
183 creatures vanquished.

Vanquished Creatures (others)
  An orc wizard (D:5)
  An orc (D:7)
2 creatures vanquished.

Grand Total: 185 creatures vanquished

Notes
Turn   | Place    | Note
-------+----------+-------------------------------------------
     0 | D:1      | MalarOregon the Merfolk Gladiator began the quest for the
                  | Orb.
     0 | D:1      | Reached XP level 1. HP: 16/16 MP: 1/1
    29 | D:1      | Reached XP level 2. HP: 15/23 MP: 2/2
   245 | D:1      | Reached skill level 5 in Polearms
   282 | D:1      | You fall through a shaft!
   501 | D:1      | Reached XP level 3. HP: 28/29 MP: 3/3
  1013 | D:2      | Found a shattered altar of Ashenzari.
  1022 | D:2      | Became a worshipper of Ashenzari the Shackled
  1537 | D:3      | Reached XP level 4. HP: 29/37 MP: 4/4
  1665 | D:3      | Reached skill level 6 in Polearms
  2239 | D:3      | Reached XP level 5. HP: 42/42 MP: 5/5
  2802 | D:3      | Found a runed translucent gate.
  2803 | D:3      | Found a runed translucent gate.
  2803 | D:3      | Found a runed translucent gate.
  2803 | D:3      | Identified the cursed +1 dagger of Duty {pain, Fragile
                  | rPois MR+}
  2803 | D:3      | Noticed HunterMK's ghost (amateur DECj)
  2808 | D:3      | Noticed a big kobold
  2809 | D:3      | Noticed a big kobold
  2979 | D:4      | Reached skill level 1 in Shields
  3276 | D:4      | Reached * piety under Ashenzari
  3310 | D:4      | Found Guupt's Antique Weapon Shop.
  3577 | D:4      | Noticed Duvessa
  3587 | D:4      | Found Acifes's Jewellery Boutique.
  3621 | D:4      | Reached skill level 7 in Polearms
  3621 | D:4      | Reached XP level 6. HP: 49/49 MP: 6/6
  3727 | D:4      | Noticed Dowan
  4039 | D:5      | Entered Level 5 of the Dungeon
  4335 | D:5      | Reached skill level 5 in Fighting
  4603 | D:5      | Found a glowing drain.
  4663 | Sewer    | Entered a sewer
  4683 | Sewer    | Reached XP level 7. HP: 53/56 MP: 7/7
  4861 | Sewer    | Reached skill level 8 in Polearms
  4996 | Sewer    | Found a white marble altar of Elyvilon.
  5516 | D:5      | Found a radiant altar of Vehumet.
  5519 | D:5      | Found a hazy altar of Hepliaklqana.
  6069 | D:5      | Noticed a moth of wrath
  6072 | D:5      | Found a bloodstained altar of Trog.
  7820 | D:6      | Found a glowing silver altar of Zin.
  7836 | D:6      | Reached XP level 8. HP: 46/64 MP: 8/8
  7944 | D:6      | Noticed Grinder
  7954 | D:6      | Reached skill level 9 in Polearms
  7978 | D:6      | Killed Grinder
  8115 | D:6      | Reached ** piety under Ashenzari
  8187 | D:6      | Reached skill level 5 in Shields
  8206 | D:6      | Reached skill level 10 in Polearms
  8427 | D:6      | Found a shadowy altar of Dithmenos.
  8883 | D:6      | Reached XP level 9. HP: 69/72 MP: 9/9
  9332 | D:7      | Found a huge runed translucent gate.
  9332 | D:7      | Noticed a polar bear
  9340 | D:7      | Found a huge runed translucent gate.
  9340 | D:7      | Found a huge runed translucent gate.
  9340 | D:7      | Found a huge runed translucent gate.
  9340 | D:7      | Noticed a polar bear
  9340 | D:7      | Noticed a polar bear
  9340 | D:7      | Noticed a polar bear
  9340 | D:7      | Noticed a polar bear
  9340 | D:7      | Noticed a polar bear
  9422 | D:6      | Reached skill level 11 in Polearms
  9997 | D:7      | Found a staircase to the Ecumenical Temple.
 10251 | Temple   | Entered the Ecumenical Temple
 10780 | D:8      | Slain by a vampire

Skill      XL: |  1  2  3  4  5  6  7  8  9 |
---------------+----------------------------+-----
Polearms       | 5 6 7 8 10 11 | 11.3
Fighting       | 3 4 5 6 7 8 |  8.4
Shields        | 1 2 4 5 6 |  6.5
Throwing       | |  2.0
Dodging        | |  4.0

Action                   |  1- 3 |  4- 6 |  7- 9 || total
-------------------------+-------+-------+-------++-------
Melee: Trident           |   126 |   304 |   865 ||  1295
       Tailslap          |       |     3 |    17 ||    20
Throw: Throwing net      |       |       |     3 ||     3
Invok: Curse Item        |     1 |     1 |     1 ||     3
       Scrying           |       |       |     1 ||     1
Evoke: Wand              |       |       |     2 ||     2
  Use: Scroll            |     4 |     6 |     6 ||    16
       Potion            |       |     2 |     3 ||     5
 Stab: Sleeping          |       |     1 |       ||     1
       Distracted        |       |       |     1 ||     1
  Eat: Chunk             |     2 |    10 |    16 ||    28
       Ration            |       |       |     2 ||     2
Armor: Leather armour    |    36 |    43 |    45 ||   124
Dodge: Dodged            |    99 |   100 |   125 ||   324
Block: Shield            |       |    73 |   134 ||   207
